[Event "Croatian 1B League 2022"]
[Site "Porec"]
[Date "2022.09.25"]
[Round "2.2"]
[White "Medvegy, Zoltan"]
[Black "Drnovsek, Gal"]
[Result "1-0"]
[ECO "A13"]
[WhiteElo "2526"]
[BlackElo "2393"]
[Annotator "TA"]
[PlyCount "85"]
[EventDate "2022.09.24"]
[EventType "team-tourn"]
[EventCountry "CRO"]
[SourceTitle "playchess.com"]
[Source "ChessBase"]
[SourceQuality "1"]
[TimeControl "40/5400+30:1800+30"]

1. Nf3 d5 2. g3 Nf6 3. Bg2 e6 4. O-O Be7 5. c4 dxc4 6. Na3 c5 7. Nxc4 Nc6 8. b3 O-O 9. Bb2 Qc7 {[%emt 0:10:52] A13: English Opening: 1...e6.} 10. Nce5 Rd8 11. Qc2 Bd7 {[%emt 0:14:04] White has an edge.} 12. Rac1 Nxe5 13. Bxe5 Qb6 14. Ng5 g6 $1 15. Bxf6 (15. h4 {with more complications.} Rac8 16. Qb2 Ng4 17. Bc3) 15... Bxf6 16. Ne4 $36 {[%emt 0:01:22][%mdl 2048] White fights for an advantage.} ({Of course not} 16. Qxc5 Qxc5 17. Rxc5 Be7 $17) 16... Be7 17. Nxc5 {[%emt 0:01:41] [#]} Bb5 $146 (17... Bc6 $14) ({Predecessor:} 17... Bc6 18. Bxc6 Qxc6 19. Nd3 Qe4 20. Nf4 Qxc2 21. Rxc2 Ba3 22. Ng2 Rac8 23. Ne3 b5 {1-0 (53) Rozum,I (2560)-Shevchenko,K (2438) Voronezh 2016}) 18. Nxb7 $16 Rac8 19. Qxc8 Rxc8 20. Rxc8+ Kg7 21. d3 {[%emt 0:05:48] Black must now prevent Rfc1.} Ba3 {[%emt 0:02:25] Prevents Rfc1.} 22. b4 {[%emt 0:01:51] Strongly threatening Rb1.} Ba6 {[%emt 0:03:53] [#] A strong pair of Bishops.} 23. Rb1 $1 {[%emt 0:09:12] Rc6 is the strong threat.} Bxb7 24. Rb8 {[%emt 0:08:20] The board is on fire.} Qc7 25. Rxb7 Qc2 26. Re1 Qd2 27. Rf1 Qxe2 28. d4 {[%emt 0:02:23] Hoping for d5.} Qxa2 ({Black should try} 28... Qd3) 29. d5 $1 ({Don't play} 29. Rxa7 Qb3 $16) 29... exd5 30. Rxa7 d4 31. Rd7 {[%emt 0:01:24] White is much more active.} Bxb4 {[%emt 0:04:36] [#]} (31... d3 $16) 32. Bd5 $1 $18 Qa4 (32... Qb2 {was necessary.} 33. Bxf7 Kf6) 33. Rxf7+ Kh6 34. Rf4 Bc5 (34... d3 $142 35. Rb1 Qa5) 35. Be4 Bd6 36. Rf3 Bb4 37. h4 Qe8 38. Bd3 Qa8 {[%emt 0:01:18] [#]} 39. Kg2 g5 $2 (39... Be7 40. h5 Bd8) 40. hxg5+ Kxg5 41. Rh1 h5 42. Rh4 {[%emt 0:00:21] And now Rhf4 would win.} Bc5 43. Be4 {[%emt 0:02:00] Weighted Error Value: White=0.08 (flawless) /Black=0.50} 1-0

[Event "Croatian 1B League 2022"]
[Site "Porec"]
[Date "2022.09.25"]
[Round "2.3"]
[White "Golubovic, Boris"]
[Black "Rezan, Sasa"]
[Result "1/2-1/2"]
[ECO "B22"]
[WhiteElo "2360"]
[BlackElo "2388"]
[Annotator "TA"]
[PlyCount "39"]
[EventDate "2022.09.24"]
[EventType "team-tourn"]
[EventCountry "CRO"]
[SourceTitle "playchess.com"]
[Source "ChessBase"]
[SourceQuality "1"]
[TimeControl "40/5400+30:1800+30"]

1. e4 c5 2. c3 Nf6 3. e5 Nd5 4. Nf3 e6 5. d4 cxd4 6. cxd4 b6 7. Bd3 Ba6 8. Bxa6 {[%emt 0:02:54] B22: Sicilian: 2 c3.} Nxa6 9. Bg5 Qc8 10. O-O h6 {[%emt 0:01:38] [#]} 11. Bd2 $146 ({Predecessor:} 11. Bh4 Qb7 12. Nc3 Rc8 13. Nxd5 Qxd5 14. Rc1 Rxc1 15. Qxc1 Qb7 16. a3 Be7 17. Bxe7 Kxe7 {½-½ (38) Kuderinov,K (2454)-Prasanna Raghuram,R (2410) Ho Chi Minh City 2014}) 11... Be7 12. Qe2 O-O 13. Rc1 Qb7 14. Qe4 Rab8 15. Nc3 (15. Qg4 {with more complications.} Kh7 16. Nc3 Rfc8 17. Nxd5 Qxd5 18. a3) 15... Nxc3 16. Qxb7 Rxb7 17. Rxc3 {[%emt 0:00:16] The position is equal.} Rc7 18. Rac1 Rfc8 19. Rxc7 Rxc7 20. Rxc7 {[%emt 0:00:12] An interesting draw.  Weighted Error Value: White=0.05 (flawless) /Black=0.01 (flawless)} 1/2-1/2

[Event "Croatian 1B League 2022"]
[Site "Porec"]
[Date "2022.09.25"]
[Round "2.4"]
[White "Plenkovic, Zdenko"]
[Black "Petrov, Jole"]
[Result "1/2-1/2"]
[ECO "B15"]
[WhiteElo "2367"]
[BlackElo "2370"]
[Annotator "TA"]
[PlyCount "167"]
[EventDate "2022.09.24"]
[EventType "team-tourn"]
[EventCountry "CRO"]
[SourceTitle "playchess.com"]
[Source "ChessBase"]
[SourceQuality "1"]
[TimeControl "40/5400+30:1800+30"]

1. e4 c6 2. d4 d5 3. Nc3 dxe4 4. Nxe4 Nf6 5. Nxf6+ exf6 6. Nf3 Bd6 7. Bd3 O-O 8. O-O Bg4 9. Re1 {[%emt 0:03:22] B15: Caro-Kann: 3 Nc3: 3...g6 and 3...dxe4 4 Nxe4 Nf6 5 Nxf6+ exf6.} Nd7 10. h3 Bh5 11. Bf5 {[%emt 0:07:47] The position is equal. 11.c3 gains popularity.} Re8 12. Be3 {[%emt 0:11:51] [#]} Nf8 $146 ({Predecessor:} 12... Nb6 13. g4 Bg6 14. Nh4 Bc7 15. Qf3 Qd6 16. Rad1 Re7 17. b3 Rae8 18. c4 Nd7 {1-0 (36) Flermoen,P (2252)-Aulin Jansson,J (2270) Norway 2018}) 13. g4 Bg6 14. Nd2 Bc7 15. Qf3 Ne6 16. c3 Qd6 17. Nf1 {[%emt 0:06:11] Active counter play!} Rad8 18. Rad1 Ng5 19. Bxg5 fxg5 20. Re3 Qf4 21. Kg2 Bxf5 22. gxf5 Qxf3+ 23. Kxf3 Bf4 24. Rxe8+ Rxe8 $11 {[%emt 0:00:01][%mdl 4096] Endgame KRB-KRN} 25. Ne3 h5 26. c4 Kf8 27. h4 f6 28. Rh1 Rd8 (28... Bxe3 $5 29. fxe3 g4+ 30. Kf4 Ke7 $14) 29. Ke4 Re8+ 30. Kf3 Rd8 31. Nc2 g6 (31... Kf7 $11 {remains equal.}) 32. fxg6 $16 {[%emt 0:01:17] Hoping for hxg5.} Kg7 33. hxg5 fxg5 34. Rxh5 {[%emt 0:00:16] Strongly threatening Rh7+.} Kxg6 35. Rh1 Rd7 36. Rh8 Rf7 {[%emt 0:00:45] aiming for ...Be5+.} 37. Ke2 Kf5 38. Re8 {[%emt 0:00:18] Against Re7+} Bc1 39. b3 Rd7 40. Ne3+ Kg6 41. Re6+ Kf7 42. Re4 Kf6 43. Kd3 Rd8 44. Ng4+ Kf5 45. Ne3+ Kf6 $1 46. Re5 Bb2 47. Ng4+ Kg6 48. Re4 Kf5 49. Ne3+ Kf6 50. d5 Kf7 51. Kc2 Ba3 52. Re5 Kf6 53. Re6+ (53. Ng4+ $18 Kg6 54. Re6+ Kh5 55. f3 (55. dxc6 Kxg4 56. cxb7 Rb8 $11)) 53... Kf7 54. Rh6 cxd5 55. Nxd5 {[%emt 0:01:05] Threatens to win with Rh7+.} Bc5 56. b4 Kg7 57. Rh2 Bd6 58. Rg2 Kh6 59. Kc3 Rf8 60. Kd4 Re8 61. c5 Be5+ 62. Kd3 a5 63. a3 ({Don't play} 63. bxa5 Ra8 $16) 63... Bb2 64. a4 ({Resist} 64. bxa5 $6 Ra8 $16) (64. Kc4 $18) 64... axb4 65. f4 Bc1 66. fxg5+ Bxg5 {[%emt 0:00:02] [#]} (66... Kg6 $16) 67. Nxb4 (67. Rb2 $1 $18 {[%cal Rb2b4] is the precise move to win.}) 67... Re3+ 68. Kc4 Ra3 69. Ra2 Rg3 70. Rb2 Ra3 {[%emt 0:00:58] [#]} 71. Kb5 $1 Be7 (71... Kg7 $16 72. c6 bxc6+ 73. Nxc6 Rg3) 72. c6 bxc6+ 73. Nxc6 Bf6 74. Rb4 Ra1 75. Rb3 Bh4 76. a5 Bf2 77. Ne5 (77. Rb2 $142 Bg1 78. Rg2) 77... Kg7 {[%emt 0:01:24] White is better.} 78. Nd3 Bg1 79. Nb2 Bd4 80. Na4 Kf7 81. Rb4 Bg1 82. Ka6 Be3 83. Rc4 Bd2 84. Re4 {[%emt 0:00:21] Weighted Error Value: White=0.13 (very precise) /Black=0.11 (very precise)} 1/2-1/2

[Event "Croatian 1B League 2022"]
[Site "Porec"]
[Date "2022.09.25"]
[Round "2.5"]
[White "Zelenika, Srdjan"]
[Black "Bilobrk, Franjo"]
[Result "0-1"]
[ECO "B85"]
[WhiteElo "2207"]
[BlackElo "2341"]
[Annotator "TA"]
[PlyCount "90"]
[EventDate "2022.09.24"]
[EventType "team-tourn"]
[EventCountry "CRO"]
[SourceTitle "playchess.com"]
[Source "ChessBase"]
[SourceQuality "1"]
[TimeControl "40/5400+30:1800+30"]

1. e4 c5 2. Nf3 e6 3. d4 cxd4 4. Nxd4 Nc6 5. Nc3 Qc7 6. Be2 a6 7. O-O Nf6 8. Be3 Be7 9. f4 d6 10. Kh1 O-O 11. Qe1 Nxd4 12. Bxd4 b5 13. Qg3 Bb7 14. a3 Rad8 15. Bd3 {[%emt 0:03:32] B85: Sicilian Scheveningen: 6 Be2 a6, lines with early Be3.} Rd7 16. Rae1 Qd8 17. Qh3 {[%emt 0:04:06] White has an edge.} g6 (17... Re8 $11) 18. f5 $1 $16 ({Reject} 18. Qh6 $6 e5 19. fxe5 dxe5 20. Bxe5 Nh5 $11) 18... gxf5 {[%emt 0:11:22][%mdl 8192] [#]} (18... e5 $16 {is tougher.} 19. Be3 Bc6) 19. exf5 $146 ({Inferior is} 19. Qg3+ Kh8 $11) (19. Nd5 $1 $18 ) ({Predecessor:} 19. Nd5 Kg7 20. Rxf5 Bxd5 21. Rg5+ Kh8 22. Bxf6+ Bxf6 23. exd5 {1-0 (23) Wang,H (2690)-Zeng,C (2536) China 2017}) 19... e5 $11 20. Bg1 Kh8 21. Ne4 Rg8 {[%emt 0:01:13] Prevents Ng5.} 22. Re2 Nxe4 23. Bxe4 {[%emt 0:05:31][%cal Of5f6] aiming for f6!} Bxe4 (23... d5 $5 24. Bf3 Bf6 $15) 24. Rxe4 Bf6 25. c3 d5 26. Re2 d4 27. cxd4 exd4 28. Qd3 Re8 29. Rfe1 (29. Rd2 $11) 29... Rxe2 $15 30. Rxe2 h6 31. h3 $1 Kh7 (31... Rc7 $5 ) 32. Bh2 Re7 {[%emt 0:00:59] ...Rxe2 is the strong threat.} 33. Rxe7 ({Better is} 33. Bf4 $15) 33... Qxe7 {[%emt 0:00:08][%mdl 4096] Endgame KQB-KQB} 34. Bf4 {[%emt 0:00:11] Prevents Qe3.} Qe1+ 35. Kh2 Qf2 36. Qd2 (36. Bd6 $17) 36... Qxd2 $19 37. Bxd2 {[%emt 0:00:04] [#] KB-KB} d3 $1 38. Kg3 Bxb2 39. Kf3 Bxa3 {[%emt 0:01:21] Threatens to win with ...b4.} 40. Ke4 b4 41. Kxd3 {[%emt 0:00:39] [#]} b3 $2 (41... a5 $1 $19 42. Be3 b3) 42. Ba5 $11 {[%emt 0:06:54] The position is equal.} Bc1 43. Kc3 b2 44. Kc2 Kg7 {[%emt 0:00:51] And now ...Kf6 would win.} 45. Bc3+ Kf8 {[%emt 0:00:31][%mdl 32768] Weighted Error Value: White=0.49/Black=0.36. Sensor Board Error (Ke4/e5)?} 0-1

[Event "Croatian 1B League 2022"]
[Site "Porec"]
[Date "2022.09.25"]
[Round "2.6"]
[White "Zelic, Mladen"]
[Black "Klobucar, Dean"]
[Result "1/2-1/2"]
[ECO "C01"]
[WhiteElo "2210"]
[BlackElo "2196"]
[Annotator "TA"]
[PlyCount "44"]
[EventDate "2022.09.24"]
[EventType "team-tourn"]
[EventCountry "CRO"]
[SourceTitle "playchess.com"]
[Source "ChessBase"]
[SourceQuality "1"]
[TimeControl "40/5400+30:1800+30"]

1. e4 e6 2. d4 d5 3. Nc3 Bb4 4. exd5 exd5 5. Bd3 Ne7 6. Nf3 Bg4 7. O-O {[%emt 0:01:34] C01: French: Exchange Variation.} Nbc6 8. h3 Bh5 9. a3 {[%emt 0:07:18] The position is equal.} Bxf3 10. Qxf3 Nxd4 {[%emt 0:05:18] [#]} 11. Qg3 $146 ({Predecessor:} 11. Qg4 Bxc3 12. bxc3 Ne6 13. Rb1 b6 14. c4 d4 15. Re1 Qd6 16. Qe4 Rd8 17. Qh4 {½-½ (25) Wittig,F (2334)-Schatz,H (2279) Remote email 2013}) 11... Bxc3 12. bxc3 Ne6 13. f4 Qd6 14. a4 O-O 15. Ba3 c5 (15... Nc5 $15 {should be considered.}) 16. Rae1 (16. Qe3 $1 $11) 16... Rae8 17. Qf3 Nc6 18. Qh5 {[%emt 0:14:18][%csl Gd3][%cal Rh5h7] [#]} g6 19. Qh4 f5 20. Qf2 b6 21. Bb5 Nc7 22. Bd3 Rxe1 {[%emt 0:01:31] Weighted Error Value: White=0.22 (precise) /Black=0.10 (very precise)} 1/2-1/2

[Event "Croatian 1B League 2022"]
[Site "Porec"]
[Date "2022.09.25"]
[Round "2.7"]
[White "Doric, Darko"]
[Black "Draskovic, Luka"]
[Result "0-1"]
[ECO "E94"]
[WhiteElo "2457"]
[BlackElo "2492"]
[Annotator "TA"]
[PlyCount "116"]
[EventDate "2022.09.24"]
[EventType "team-tourn"]
[EventCountry "CRO"]
[SourceTitle "playchess.com"]
[Source "ChessBase"]
[SourceQuality "1"]
[TimeControl "40/5400+30:1800+30"]

1. d4 d6 2. Nf3 Nf6 3. c4 g6 4. Nc3 Bg7 5. e4 O-O 6. Be2 Na6 7. O-O e5 8. d5 Nc5 9. Qc2 a5 10. Re1 {[%emt 0:02:58] E94: King's Indian: Classical: 6 Be2 e5 7 0-0: Various Black 7th moves.} Nh5 11. Bg5 f6 12. Be3 {[%emt 0:00:05] The position is equal.} b6 {[%emt 0:03:49] [#]} 13. Nd2 $146 ({Predecessor:} 13. Qd2 Bd7 14. h3 a4 15. Rac1 Bh8 16. Nh2 Qe8 17. Qd1 Nf4 18. Bxf4 exf4 19. Bg4 {1-0 (46) Kardon,Z-Waldmann,I (2275) Hungary 1996}) 13... Nf4 14. Bf1 f5 15. b3 (15. exf5 {is more complex.} Bxf5 16. Nde4 Qe8 17. Bxc5 bxc5 18. b3) 15... Nh5 (15... Bd7 {feels hotter.} 16. a3 Qg5 17. f3 h5) 16. exf5 gxf5 17. f3 Qf6 18. Rac1 Bh6 19. Bxh6 Qxh6 20. a3 Rf7 21. b4 Na6 22. Rb1 Bd7 23. bxa5 (23. c5 $11) 23... bxa5 $17 24. Nb5 {[%emt 0:10:26] [#]} (24. Nb3 $15) 24... Kh8 ({Better is} 24... Nf4 $1 $19 {aiming for ...Rg7.} 25. Nc3 Rg7) 25. c5 Nxc5 26. Nc4 Na6 27. Nxa5 $2 (27. Qc3 $17) 27... Rg8 $2 (27... Rg7 $19 {is more deadly. Strongly threatening ...Nf4.} 28. Nc3 {[#]} (28. Nxc7 $2 Nxc7 29. Qxc7 Bb5 $19) 28... Rag8 $1) 28. Nc4 $2 (28. Nxc7 $17 Nc5 29. Rb6) 28... Rfg7 $19 29. Rb2 Nf4 30. Ne3 Qh4 31. Qd2 (31. Reb1 $142 Qh5 32. Qd1) 31... Rg6 32. g3 Qh5 {[%emt 0:01:56][%cal Og6g3] Prevents Ng4.} 33. Bg2 $2 (33. Rc1 Rh6 34. Rb3 (34. Nxc7 $2 Qxf3 35. Nxa6 Rxh2 $19) 34... Qxf3 35. Nxf5 Rxg3+ 36. Nxg3 Qxb3 37. Rc3) 33... Nxg2 ({And not} 33... Rh6 34. gxf4 (34. Nf1 $2 Nxg2 35. Qxg2 Nc5 $19) 34... Qxh2+ 35. Kf1 Qxf4 36. Rd1 $19) 34. Qxg2 f4 35. Nf1 Bh3 36. g4 Bxg4 37. fxg4 Rxg4 38. Ng3 fxg3 39. h3 Rh4 40. Rf1 Rxh3 41. Qf3 Qxf3 42. Rxf3 Rh4 43. Rbb3 g2 {[%emt 0:06:37] ( -> ...Rh1+)} 44. Rg3 Rhg4 ({Don't go for} 44... Nc5 $2 45. Rxg8+ Kxg8 46. Rc3 $19) 45. Kxg2 (45. Rxg4 $142 Rxg4 46. Rb2) 45... Rxg3+ 46. Rxg3 Rxg3+ 47. Kxg3 {[%emt 0:00:02][%mdl 4096] Endgame KN-KN} Kg7 48. Kg4 Kg6 {[%emt 0:00:07] And now ...h5+ would win.} 49. Nc3 h5+ 50. Kh4 Kf5 {[%emt 0:01:42] Hoping for ...Kf4.} 51. Kxh5 e4 (51... Kf4 $142 52. Ne2+ Ke4 53. Kg4 Kxd5 54. Kg3 Kc4 55. Kf2 d5 56. Ke1 d4 57. Ng3 Kd3 58. Nh1 c5 59. Kd1 c4 60. Nf2+ Kc3 61. a4 Kb2 62. Ke2 e4 63. Nxe4 c3 64. Nf2 Nc5 65. Nd1+ Kb1 66. Nf2 c2 67. Ng4 c1=Q 68. Kf3 Kb2 69. Nf2 Qe3+ 70. Kg2 Qc1 71. Kg3 Qe3+ 72. Kg2 Qc1 73. Nh3 Qe3 74. Nf2) 52. a4 Ke5 53. Kg4 Kd4 54. Ne2+ Kxd5 55. Kf4 Nc5 56. a5 Kc4 57. a6 Nxa6 58. Kxe4 c5 {[%emt 0:00:22] Weighted Error Value: White=0.91/Black=0.35} (58... d5+ $142 59. Ke3 c5) 0-1

[Event "Croatian 1B League 2022"]
[Site "Porec"]
[Date "2022.09.25"]
[Round "2.8"]
[White "Skuhala, Jernej"]
[Black "Maksimovic, Bojan"]
[Result "1/2-1/2"]
[ECO "B30"]
[WhiteElo "2349"]
[BlackElo "2468"]
[Annotator "RC"]
[PlyCount "84"]
[EventDate "2022.09.24"]
[EventType "team-tourn"]
[EventCountry "CRO"]
[SourceTitle "playchess.com"]
[Source "ChessBase"]
[SourceQuality "1"]
[TimeControl "40/5400+30:1800+30"]

1. e4 c5 2. Nf3 Nc6 3. Nc3 e5 4. Bc4 g6 5. d3 h6 6. Be3 d6 7. Nd2 Nf6 8. Nd5 Bg7 9. Nxf6+ Bxf6 10. c3 Bg7 11. a3 Rb8 12. b4 b6 13. Qb3 O-O 14. O-O Qe7 15. Bd5 Bd7 16. Nc4 b5 17. Nxd6 Qxd6 18. Bxc5 Qc7 19. Bxf8 Rxf8 20. a4 a6 21. axb5 axb5 22. Ra6 Ne7 23. c4 bxc4 24. Bxc4 Nc6 25. Rfa1 Nd4 26. Qa2 Be6 27. b5 Rb8 28. Ra8 Bf8 29. Rxb8 Qxb8 30. Qa7 Qd8 31. b6 Bxc4 32. dxc4 Bc5 33. Qa8 Bxb6 34. c5 Kg7 35. cxb6 Qxb6 36. Qd5 Qc7 37. g3 Ne6 38. Kg2 Qc3 39. Ra7 Ng5 40. Qd1 Qc6 41. Qd5 Qc3 42. Qd1 Qc6 1/2-1/2

[Event "Croatian 1B League 2022"]
[Site "Porec"]
[Date "2022.09.25"]
[Round "2.9"]
[White "Cabarkapa, Novak"]
[Black "Segovic, Goran"]
[Result "1-0"]
[ECO "A28"]
[WhiteElo "2433"]
[BlackElo "2304"]
[Annotator "TA"]
[PlyCount "74"]
[EventDate "2022.09.24"]
[EventType "team-tourn"]
[EventCountry "CRO"]
[SourceTitle "playchess.com"]
[Source "ChessBase"]
[SourceQuality "1"]
[TimeControl "40/5400+30:1800+30"]

1. c4 Nf6 2. Nc3 e5 3. Nf3 Nc6 4. e4 Bb4 5. d3 d6 6. a3 {[%emt 0:00:06] A28: English Opening: Four Knights Variation.} Bxc3+ 7. bxc3 h6 8. g3 {[%emt 0:00:19] The position is equal.} O-O {[%emt 0:01:38] 8...0-0 is better than 8...Be6.} 9. Bg2 Be6 10. O-O Qd7 11. Nh4 g5 12. Nf5 Bxf5 13. exf5 Qxf5 {[%emt 0:01:34] [#]} 14. Rb1 $146 ({Predecessor:} 14. f4 gxf4 15. gxf4 e4 16. dxe4 Nxe4 17. Qd5 Qxd5 18. cxd5 Nxc3 19. dxc6 b6 20. f5 {½-½ (26) Ferendiuk,H (1564)-Unternahrer,D (1691) Misiones 2022}) 14... Rab8 15. f4 exf4 16. gxf4 g4 17. Rb5 Qg6 18. d4 a6 19. f5 Qg7 20. Rb2 Rfe8 21. Qd3 Na5 22. Bf4 Re7 23. c5 dxc5 24. dxc5 Rd7 25. Qc2 Qf8 (25... Re8 $1 $11 {keeps the balance.}) 26. Kh1 {[%emt 0:06:16] White is more active.} (26. Qf2 $16 {Strongly threatening Qh4.} h5 27. Qh4 Qxc5+ 28. Kh1) 26... Re8 27. Qf2 {[%emt 0:04:18] [#] Qh4 is the strong threat.} Kh7 28. Bxb7 ({White should try} 28. Rb4 $14) 28... Nxb7 (28... Nc4 $1 $11 29. Rb4 Ne5) 29. c6 $1 $36 {[%emt 0:00:27][%mdl 2048] White has the initiative.} (29. Rxb7 Rd3 30. Qh4 (30. Bxc7 $2 Rf3 $19) 30... Qg7 $17) 29... Rdd8 {[%emt 0:05:12][%mdl 8192] Loses the game.} (29... Ne4 $2 30. Qh4 Nbc5 31. cxd7 Nxd7 32. h3 $18 (32. Qxg4 Ndf6 $18)) (29... Nc5 $1 $14 30. cxd7 Ncxd7) 30. cxb7 $18 Nd5 31. f6 Nxf4 32. Qxf4 Qxa3 33. Qxc7 Qf8 34. c4 Kg8 35. Qf4 Kh8 36. c5 Rb8 37. c6 Kg8 {[%emt 0:00:48] Weighted Error Value: White=0.12 (very precise) /Black=0.54} 1-0

[Event "Croatian 1B League 2022"]
[Site "Porec"]
[Date "2022.09.25"]
[Round "2.10"]
[White "Makovec, Bruno"]
[Black "Vojak, Daniel"]
[Result "1/2-1/2"]
[ECO "D28"]
[WhiteElo "2258"]
[BlackElo "2300"]
[Annotator "TA"]
[PlyCount "84"]
[EventDate "2022.09.24"]
[EventType "team-tourn"]
[EventCountry "CRO"]
[SourceTitle "playchess.com"]
[Source "ChessBase"]
[SourceQuality "1"]
[TimeControl "40/5400+30:1800+30"]

1. d4 d5 2. c4 dxc4 3. e3 Nf6 4. Bxc4 e6 5. Nf3 c5 6. O-O Nc6 7. Qe2 a6 $1 {[%emt 0:03:36][%mdl 4] is more profitable than 7...cxd4 at the moment.} 8. Nc3 b5 9. Bb3 ({Of course not} 9. Ne5 Bb7 10. Bd3 (10. Nxc6 Bxc6 11. Bb3 b4 $15) 10... cxd4 11. Nxc6 Bxc6 12. exd4 Qxd4 $15) 9... Be7 {[%emt 0:08:14] D28: Queen's Gambit Accepted: Classical main line: 7 Qe2 with early ...Nc6.} 10. Rd1 (10. dxc5 $14 O-O 11. e4) 10... O-O 11. dxc5 Qc7 12. h3 ({Don't play} 12. a4 b4 13. Nb1 Bb7 $17) 12... Bxc5 13. e4 Bb7 14. e5 Nd7 15. Bf4 Ne7 16. Ne4 Bxe4 17. Qxe4 {[%emt 0:00:47] Strongly threatening Rac1.} Ng6 18. Bg3 (18. Rac1 $5 ) 18... Rfd8 19. Rac1 Qa7 $2 {[%emt 0:07:16] [#]} (19... Ndf8 $11 {and Black stays safe.}) 20. Ng5 $146 (20. Rxd7 $1 $18 Bxf2+ (20... Qxd7 21. Rxc5) 21. Bxf2 Qxd7 22. Bb6) ({Predecessor:} 20. h4 Bb6 21. h5 Ngf8 22. Bc2 Nc5 23. Qf4 Rxd1+ 24. Rxd1 Rd8 25. Nd4 Rd5 26. Nb3 {½-½ (35) Litzka,M (2052)-Rosner,G (2032) Germany 2017}) 20... Ndf8 $1 $14 21. Nf3 Ne7 22. Nh4 {[%emt 0:06:06] Inhibits Nf5.} Qb6 23. Bc2 Bd4 24. b3 Bb2 25. Rb1 {[%emt 0:00:14] Black must now prevent Rd6.} Rxd1+ 26. Rxd1 Nd5 27. Qf3 Rc8 28. Bb1 (28. Be4 $11 {remains equal.}) 28... Rc3 (28... Nc3 $17 29. Rd2 Nxb1 30. Rxb2 Rc1+ 31. Kh2 Qd4) 29. Rd3 {[%emt 0:00:24] [#]} (29. Qe2 $15 Ba3 30. Nf3) 29... Rxd3 (29... Qd8 $1 $19 {is more deadly.} 30. Rxc3 Nxc3) 30. Qxd3 $17 Qc5 (30... Qc7 {looks sharper.} 31. a4 Bxe5 32. Bxe5 Qxe5 33. axb5 Qe1+) 31. Qc2 Qxc2 32. Bxc2 b4 (32... Nd7 $17 33. Nf3 Nb4) 33. Bd3 a5 34. Nf3 Nc3 35. Nd2 $1 Nxa2 36. Nc4 Bd4 37. Nxa5 Nd7 38. Nc6 Bc5 39. Kf1 Nc3 40. Bf4 h6 41. Bd2 Nd5 42. Bc4 {[%emt 0:03:01] White wants to play Bxd5. This bishop pair is nice.} N7b6 {[%emt 0:01:12] Weighted Error Value: White=0.27 (precise) /Black=0.23 (precise)} 1/2-1/2

[Event "Croatian 1B League 2022"]
[Site "Porec"]
[Date "2022.09.25"]
[Round "2.11"]
[White "Cupic, Lovro"]
[Black "Zadravec, Matija"]
[Result "1/2-1/2"]
[ECO "C60"]
[WhiteElo "2216"]
[BlackElo "2250"]
[Annotator "TA"]
[PlyCount "92"]
[EventDate "2022.09.24"]
[EventType "team-tourn"]
[EventCountry "CRO"]
[SourceTitle "playchess.com"]
[Source "ChessBase"]
[SourceQuality "1"]
[TimeControl "40/5400+30:1800+30"]

1. e4 e5 2. Nf3 Nc6 3. Bb5 Nge7 4. c3 d5 5. Nxe5 dxe4 6. Qe2 {[%emt 0:00:10] C60: Ruy Lopez: Unusual Black 3rd moves and 3...g6.} Be6 $1 (6... Qd5 7. Nxc6 bxc6 8. Bc4 $16) 7. Qxe4 Bd5 8. Qe2 {[%emt 0:00:06] And now 0-0 would win. White is slightly better.} Bxg2 9. Rg1 a6 10. Bxc6+ (10. Rxg2 axb5 11. Nxc6 bxc6 $15) 10... Bxc6 11. Nxc6 bxc6 {[%emt 0:00:06] [#]} 12. d4 $146 ({Predecessor:} 12. Rg3 Qd5 13. Rd3 Qg2 14. f3 Qh1+ 15. Qf1 Qxh2 16. Qf2 Qxf2+ 17. Kxf2 Nd5 18. a3 Bc5+ 19. Kg2 Nf4+ {0-1 (20) Santamaria Quintana,I (1411)-Domenche Redondo,F (1717) ICCF email 2017}) 12... Qd6 {[%emt 0:08:58] Inhibits Bf4.} 13. Rg3 (13. Nd2 $14) 13... f6 $11 14. Nd2 Kf7 15. Ne4 Qd5 16. Bd2 Nf5 $1 17. Rd3 Re8 18. f3 Nd6 19. Re3 Be7 {[%emt 0:03:22] [#] Hoping for ...Nc4.} 20. b3 {[%emt 0:07:51] Prevents Nc4.} (20. Qxa6 c5 21. b3 (21. Nxc5 $2 Nc4 $19) 21... Nf5 $11) 20... f5 (20... Nf5 $5 21. Rd3 $8 Nh4 $11) 21. Nxd6+ Bxd6 22. O-O-O Rxe3 23. Qxe3 Re8 24. Qd3 c5 25. Qxa6 cxd4 26. Qd3 $1 Ra8 27. Kb1 c5 28. h3 g6 29. cxd4 Be5 30. Bc3 cxd4 (30... Rd8 31. Rc1 $11) 31. Bb2 ({Don't blunder} 31. Bxd4 $2 Rd8 32. Qc2 Bxd4 $19) ({White should try} 31. Bd2 $14) 31... Rc8 32. Rc1 ({Avoid the trap} 32. Bxd4 $2 Rd8 33. Qc2 Bxd4 $19) 32... Rxc1+ 33. Bxc1 {[%emt 0:00:12][%mdl 4096] Endgame KQB-KQB} Ke6 (33... Kf6 $11 {might be stronger.}) 34. Kc2 Kf6 35. Qa6+ Kg7 36. Qd3 Qa5 (36... Kf6 $11) 37. a4 $16 Qe1 38. Bb2 ({Worse is} 38. Qd2 Qf1 $11) (38. Bd2 $16 Qa1 39. Qb5) 38... Qf2+ $14 39. Kb1 Kf6 40. Bc1 {[%emt 0:00:00] [#] Black must now prevent a5.} Qe1 41. a5 (41. Qd2 $5 Qh1 42. f4 Qe4+ 43. Ka2 $11) 41... Qxa5 {[%emt 0:08:33] The position is equal.} 42. f4 Bd6 {[%emt 0:01:12] ...Qd5 is the strong threat.} 43. Qxd4+ Ke6 44. Bb2 Qe1+ 45. Ka2 $1 Qa5+ 46. Kb1 Qe1+ {[%emt 0:00:35] Weighted Error Value: White=0.15 (very precise) /Black=0.09 (flawless)} 1/2-1/2